 Dungeon Crawl Stone Soup version 0.17-a0-1446-gc28613e (webtiles) character file.

101 Sixotanaka the Grave Robber (level 5, -1/28 HPs)
             Began as a Kobold Necromancer on June 28, 2015.
             Killed from afar by an orc wizard (3 damage)
             ... with a magic dart
             ... on level 2 of the Dungeon.
             The game lasted 00:09:23 (3088 turns).

Sixotanaka the Grave Robber (Kobold Necromancer)    Turns: 3088, Time: 00:09:23

Health: -1/28      AC:  3    Str:  7    XL:     5   Next: 4%
Magic:  1/8        EV: 15    Int: 13    God:
Gold:   85         SH:  0    Dex: 17    Spells: 3 memorised, 1 level left

rFire  . . .     SeeInvis .     p - +0 dagger
rCold  . . .     Clarity  .     a - +0 robe
rNeg   . . .     SustAt   .     (shield restricted)
rPois  .         Gourm    +     (no helmet)
rElec  .         Spirit   .     j - +0 cloak
rCorr  .         Warding  .     (no gloves)
rMut   .         Stasis   .     (no boots)
MR     .....                    l - amulet of the gourmand
Stlth  ++........               (no ring)
                                (no ring)

@: slowed, very slow, not resistant to hostile enchantments, unstealthy
A: carnivore 3
a: no special abilities


You were on level 2 of the Dungeon.
You were very full.

You visited 1 branch of the dungeon, and saw 3 of its levels.

You collected 85 gold pieces.


Innate Abilities, Weirdness & Mutations

You are small and have problems with some larger weapons.
You are carnivorous and can eat meat at any time.


   Skills:
 * Level 3.1 Short Blades
 - Level 2.4 Dodging
 - Level 2.6 Stealth
 - Level 2.0 Spellcasting
 - Level 5.3 Necromancy


You had one spell level left.
You knew the following spells:

 Your Spells              Type           Power        Failure   Level  Hunger
g - Regeneration          Chrm/Necr      #.........   28%         3    ####...
x - Vampiric Draining     Necr           ###.......   12%         3    ####...
z - Pain                  Necr           ###.         3%          1    ##.....


Dungeon Overview and Level Annotations

Branches:
Dungeon (3/15)

Altars:
Nemelex Xobeh

Inventory:

Hand weapons
 p - a +0 dagger (weapon)
Missiles
 d - 19 poisoned needles
Armour
 a - a +0 robe (worn)
 j - a +0 cloak (worn)
Jewellery
 l - an amulet of the gourmand (around neck)
Scrolls
 e - a scroll of identify {unknown}
 g - a scroll of enchant armour {unknown}
 i - 3 scrolls of teleportation {unknown}
 m - a scroll of magic mapping {unknown}
Potions
 h - 2 potions of cancellation {unknown}
 k - a potion of might {unknown}
 n - 2 potions of poison {unknown}
 o - a potion of invisibility {unknown}
 q - a potion of heal wounds {unknown}
 r - a potion of lignification {unknown}
 t - a potion of curing {unknown}
Books
 b - a book of Necromancy
Comestibles
 c - 2 meat rations
 f - a royal jelly
 s - 2 chunks of flesh

.#.# #.# #.#.#.#.# .#.# #.#
#.#.#.#.############## .#.#
#.#####.#.#.................
##.###.....÷.#.#>................
...............#o#.##############
.#.#.)..(......#.#.# #.#######
.#.#÷#########.#.#.######........
.#.#.#<#.....#.#.#........#...#..
##.#.#.#.###.#.#@#.######........
...#.#.#.# #.#.#.########.#...#..
####.#.#.# #.#.#.#...............
#.#.#.# #.#.#.#.##############
#.#.#.# #...#.#.#######.###.##
#.#...# #.###.#.#.............
#.###########.#.#.#####.###.##
#.............#.#.###.....#.#
##################.#.....#...#'##


You could see an orc wizard.


Message History

Aim: an orc, wielding a flail and wearing a leather armour (lightly wounded, chance to defeat MR: 85%)
The orc wizard convulses in agony!
Casting: Pain
Aiming: Pain
Aim: an orc, wielding a flail and wearing a leather armour (lightly wounded, chance to defeat MR: 85%)
The orc wizard struggles to resist.
The orc wizard gestures wildly while chanting.
The orc wizard seems to speed up.
An orc wizard comes into view. It is wielding a dagger.
The orc wizard hits you but does no damage.
The orc wizard closely misses you.
The orc wizard casts a spell.
The orc wizard flickers and vanishes!
Deactivating autopickup; reactivate with Ctrl-A.
There is a stone staircase leading up here.
Unknown command.
You climb upwards.
There is a stone staircase leading down here.
Casting: Pain
Aiming: Pain
Aim: an orc wizard, wielding a dagger and wearing a robe (heavily wounded, fast, chance to defeat MR: 73%)
The orc wizard convulses in agony!
The orc wizard hits you with a dagger.
The orc wizard hits you but does no damage.
Casting: Pain You don't have enough magic to cast that spell.
You closely miss the orc wizard. The orc wizard barely misses you.
You hit the orc wizard but do no damage.
The orc wizard casts a spell.
The orc wizard blinks!
The orc wizard casts a spell at you. The magic dart hits you!
The orc wizard barely misses you.
The orc wizard hits you but does no damage.
You barely miss the orc wizard.
The orc wizard hits you but does no damage.
You hit the orc wizard.
The orc wizard hits you but does no damage.
You closely miss the orc wizard.
The orc wizard hits you but does no damage.
Casting: Pain
Aiming: Pain
Aim: an orc wizard, wielding a dagger and wearing a robe (severely wounded, fast, chance to defeat MR: 73%)
The orc wizard convulses in agony!
The orc wizard gestures wildly while chanting.
The orc wizard blinks!
Your magical contamination has completely faded away.
Casting: Pain You don't have enough magic to cast that spell.
The orc wizard gestures wildly while chanting.
The orc wizard blinks!
The orc wizard casts a spell.
The orc wizard blinks!
You hit the orc wizard but do no damage.
The orc wizard gestures wildly while chanting.
The orc wizard blinks!
The orc wizard casts a spell at you.
You feel yourself slow down.
The orc wizard casts a spell.
The orc wizard blinks!
The orc wizard mumbles some strange words.
The orc wizard blinks!
The orc wizard gestures at you while chanting.
The magic dart hits you!
* * * LOW HITPOINT WARNING * * *
The orc wizard casts a spell at you. The magic dart hits you!
* * * LOW HITPOINT WARNING * * *
The orc wizard points at you and mumbles some strange words.
The magic dart hits you!
You die...

Action                   |  1- 3 |  4- 6 || total
-------------------------+-------+-------++-------
Melee: Dagger            |       |    11 ||    11
 Cast: Pain              |    56 |    56 ||   112
  Eat: Chunk             |    12 |     5 ||    17

Vault maps used:
D:1:      roderic_crop_circles_arrival_small
D:2:      lemuel_coloured_pillars_altar, ecumenical_altar_2
D:3:      corexii_shack_village

Notes
Turn   | Place    | Note
--------------------------------------------------------------
     0 | D:1      | Sixotanaka the Kobold Necromancer began the quest for the Orb.
     0 | D:1      | Reached XP level 1. HP: 10/10 MP: 3/3
   368 | D:1      | Reached XP level 2. HP: 6/15 MP: 0/5
  1041 | D:1      | Reached XP level 3. HP: 19/19 MP: 4/6
  1297 | D:1      | Reached skill level 5 in Necromancy
  1638 | D:2      | Found a faded altar to an unknown god.
  1832 | D:2      | Reached XP level 4. HP: 21/24 MP: 3/7
  1953 | D:2      | Learned a level 3 spell: Regeneration
  1957 | D:2      | Learned a level 3 spell: Vampiric Draining
  2103 | D:2      | Reached skill level 1 in Short Blades
  2161 | D:2      | Found a sparkling altar of Nemelex Xobeh.
  2360 | D:2      | Reached skill level 2 in Short Blades
  2851 | D:2      | Reached skill level 3 in Short Blades
  2851 | D:2      | Reached XP level 5. HP: 24/28 MP: 2/8
  3087 | D:2      | HP: 6/28 [orc wizard/magic dart (9)]
  3088 | D:2      | HP: 2/28 [orc wizard/magic dart (4)]
  3088 | D:2      | Killed from afar by an orc wizard

Vanquished Creatures
  4 adders (D:2)
  An ooze (D:1)
  A worm (D:2)
  2 giant geckos (D:1)
  An orc (D:2)
  4 giant cockroaches
  4 hobgoblins
  6 kobolds
  2 quokkas
  A ball python (D:2)
  10 bats
  7 giant newts
  6 goblins
  8 rats
57 creatures vanquished.
